 Dungeon Crawl Stone Soup version 0.23.2-40-g277498a001 (webtiles) character file.

Game seed: 17766013480556802305

8887 ANON1729 the Slinger (level 11, -2/78 HPs)
             Began as a Halfling Hunter on Oct 20, 2019.
             Was an Elder of Okawaru.
             Slain by a polar bear simulacrum (16 damage)
             ... on level 10 of the Dungeon.
             The game lasted 00:28:37 (14426 turns).

ANON1729 the Slinger (Halfling Hunter)             Turns: 14426, Time: 00:28:40

Health: -2/78      AC: 12    Str: 13    XL:     11   Next: 64%
Magic:  11/11      EV: 16    Int:  9    God:    Okawaru [****..]
Gold:   464        SH:  0    Dex: 19    Spells: 10/10 levels left

rFire    + . .     SeeInvis .   M - +5 dagger (chaos)
rCold    . . .     Gourm    .   (shield restricted)
rNeg     . . .     Faith    .   P - +3 scale mail {rF+}
rPois    .         Spirit   .   v - +0 helmet
rElec    .         Reflect  .   (no cloak)
rCorr    .         Harm     .   (no gloves)
MR       +....                  (no boots)
Stlth    +++.......             H - amulet of the acrobat
HPRegen  0.23/turn              K - ring of protection from magic
MPRegen  0.12/turn              E - +2 ring of protection

@: no status effects
A: small, mutation resistance 1
a: Heroism, Renounce Religion


You were on level 10 of the Dungeon.
You worshipped Okawaru.
Okawaru was greatly pleased with you.
You were very hungry.

You visited 2 branches of the dungeon, and saw 11 of its levels.

You collected 464 gold pieces.

Inventory:

Hand Weapons
 a - a +1 hunting sling
 r - a +0 falchion
 w - a +1 dagger of venom
 G - a +3 dagger of draining
 M - a +5 dagger of chaos (weapon)
Missiles
 d - 69 sling bullets
 l - 272 stones (quivered)
Armour
 v - a +0 helmet (worn)
 P - a +3 scale mail of fire resistance (worn)
Jewellery
 e - an uncursed ring of protection from cold
 E - a +2 ring of protection (right hand)
 H - an amulet of the acrobat (around neck)
 K - a ring of protection from magic (left hand)
 N - an uncursed amulet of magic regeneration
 O - an uncursed ring of see invisible
Wands
 c - a wand of iceblast (12)
 i - a wand of random effects (36)
 F - a wand of polymorph (1)
 I - a wand of digging (6)
Scrolls
 b - a scroll of identify
 g - 6 scrolls of fog
 m - 8 scrolls of remove curse
 n - 2 scrolls of immolation
 x - 2 scrolls of amnesia
 y - 3 scrolls of magic mapping
 D - 2 scrolls of enchant weapon
Potions
 h - 6 potions of curing
 k - 2 potions of invisibility {unknown}
 o - a potion of mutation {unknown}
 p - a potion of brilliance {unknown}
 s - a potion of haste
 u - a potion of degeneration
 z - a potion of ambrosia {unknown}
 A - a potion of cancellation {unknown}
 L - a potion of magic {unknown}
Comestibles
 f - 18 rations


   Skills:
 * Level 8.9 Fighting
 + Level 7.7 Short Blades
 * Level 13.8 Slings
 + Level 7.4 Dodging
 + Level 8.1 Stealth


You had 10 spell levels left.
You didn't know any spells.
Your spell library contained the following spells:

 Spells                   Type           Power        Failure   Level  Hunger
 Confusing Touch          Hex            #.....       90%         1    ##.....
 Sandblast                Erth           #.....       90%         1    ##.....
 Sting                    Conj/Pois      #...         90%         1    ##.....
 Passwall                 Tmut/Erth      #.......     97%         2    ###....
 Poisonous Vapours        Pois/Air       #.....       97%         2    ###....
 Confuse                  Hex            #.......     99%         3    ####...
 Gell's Gravitas          Tloc           #.........   99%         3    ####...
 Mephitic Cloud           Conj/Pois/Air  #.......     99%         3    ####...
 Stone Arrow              Conj/Erth      #.....       99%         3    ####...
 Olgreb's Toxic Radiance  Pois           #.......     100%        4    #####..
 Petrify                  Tmut/Erth      #.......     100%        4    #####..
 Lee's Rapid Deconstruct  Erth           #.........   100%        5    ######.
 Metabolic Englaciation   Hex/Ice        #.........   100%        5    ######.
 Venom Bolt               Conj/Pois      #.........   100%        5    ######.
 Yara's Violent Unravell  Hex/Tmut       #.........   100%        5    ######.


Dungeon Overview and Level Annotations

Branches:
Dungeon (10/15)            Temple (1/1) D:7            Lair (0/6) D:10
    Orc: D:9-12

Altars:
Ashenzari
Cheibriados
Dithmenos
Elyvilon
Fedhas
Gozag
Hepliaklqana
Kikubaaqudgha
Makhleb
Nemelex Xobeh
Okawaru
Qazlal
Ru
Sif Muna
Trog
Uskayaw
Vehumet
Wu Jian
Xom
Yredelemnul
Zin
The Shining One

Shops:
D:8 ?   D:10 :

Annotations:
D:5 1 runed translucent door, Crazy Yiuf


Innate Abilities, Weirdness & Mutations

You are small and have problems with some larger weapons.
You are somewhat resistant to further mutation.


Message History

* * * LOW HITPOINT WARNING * * *
Something freezes you!
* * * LOW HITPOINT WARNING * * *
Something claws you but does no damage. Something completely misses you.
You feel much better. Something bites you but does no damage.
Something barely misses you. Something claws you but does no damage.
The spiny frog falls off the wall.
The orb spider changes into a spiny frog!
Something completely misses you. Something claws you but does no damage.
Something barely misses you. Something bites you but does no damage.
Something claws you but does no damage. x2
You see here a +0 chain mail.
There is a stone staircase leading up, spattered with blood here.
You hit something.
Nothing appears to happen.
Something bites you! Something freezes you!
* * * LOW HITPOINT WARNING * * *
Something claws you.
* * * LOW HITPOINT WARNING * * *
Something freezes you!
You die...

..#.###..####...##...............
.#######.## #....##..............
*##.#..#..# ###..##.)#'''#.[.....
..........### ##..#)##...##......
....#.###...####.##)##...##...[..
...## ##...........##...##......
....# .#........#....#####..#....
#####.....##..####)...###...#....
........####...[@..)........#....
#.....## ##........#.####...)#.
#.##### ###....).##..# ###)###
#..########.###.###)#...#####.#.#
.......##....##..##.....#.#...#..
..#...........................#..
###..........##..................
####........................#####
.............###.......#...## #


There were no monsters in sight!

Vanquished Creatures
  2 two-headed ogres (D:9)
  A death yak (D:9)
  Nergalle (D:10)
  A necromancer (D:10)
  Psyche (D:8)
  A torpor snail (D:9)
  A troll (shapeshifter) (D:10)
  A troll (D:9)
  A hippogriff (D:10)
  A spriggan (D:9)
  A human (D:8)
  A porcupine (D:6)
  A water moccasin (D:8)
  A necrophage (D:7)
  A black bear (D:6)
  3 centaurs
  A wolf (D:10)
  5 sky beasts
  4 ogres (D:9)
  A phantom (D:8)
  2 crocodiles
  A big kobold (D:7)
  A bullfrog (D:9)
  3 gnoll sergeants
  4 scorpions
  2 water moccasin zombies (D:6)
  9 killer bees
  4 wights
  2 howler monkeys
  3 crimson imps
  2 bullfrog skeletons
  A centaur skeleton (D:10)
  2 jellies
  A gnoll shaman (D:10)
  4 orc priests
  11 hounds
  Ijyb (D:5)
  2 iguanas (D:5)
  3 orc wizards
  A worker ant (D:9)
  3 yak simulacra (D:10)
  A polar bear simulacrum (D:10)
  2 wolf simulacra (D:10)
  2 hound zombies
  A hound skeleton (D:7)
  A howler monkey zombie (D:9)
  14 adders
  19 gnolls
  3 shadow imps
  2 adder zombies
  4 worms
  2 dart slugs (D:1)
  7 leopard geckos
  37 orcs
  7 bats
  2 giant cockroaches
  7 goblins
  3 hobgoblins
  7 jackals
  8 quokkas
  4 ball pythons
  2 frilled lizards
  12 kobolds
  A quokka skeleton (D:6)
  A quokka zombie (D:5)
  12 rats
  3 river rat simulacra (D:10)
256 creatures vanquished.

Vanquished Creatures (others)
  A scorpion (D:10)
  A plant (D:10)
2 creatures vanquished.

Grand Total: 258 creatures vanquished

Notes
Turn   | Place    | Note
-------+----------+-------------------------------------------
     0 | D:1      | ANON1729 the Halfling Hunter began the quest for the Orb.
     0 | D:1      | Reached XP level 1. HP: 14/14 MP: 1/1
    13 | D:1      | Reached skill level 6 in Slings
    15 | D:1      | Reached XP level 2. HP: 19/19 MP: 2/2
   519 | D:2      | Reached XP level 3. HP: 21/24 MP: 3/3
   617 | D:2      | Reached skill level 1 in Short Blades
  1068 | D:2      | Reached XP level 4. HP: 30/30 MP: 4/4
  1719 | D:3      | Reached XP level 5. HP: 36/36 MP: 5/5
  1761 | D:3      | Noticed a sky beast
  1799 | D:3      | Killed a sky beast
  1799 | D:3      | Reached skill level 7 in Slings
  1799 | D:3      | Reached XP level 6. HP: 22/42 MP: 6/6
  3090 | D:4      | Reached XP level 7. HP: 42/47 MP: 7/7
  3235 | D:4      | Noticed a two-headed ogre
  3308 | D:5      | Entered Level 5 of the Dungeon
  3315 | D:5      | Found a burning altar of Makhleb.
  3446 | D:5      | Noticed Ijyb
  3462 | D:5      | Killed Ijyb
  3715 | D:5      | Reached skill level 8 in Slings
  4316 | D:5      | Found a runed translucent door.
  4317 | D:5      | Noticed Crazy Yiuf
  4967 | D:5      | Reached XP level 8. HP: 27/54 MP: 8/8
  5296 | D:6      | Found a deep blue altar of Sif Muna.
  5383 | D:6      | Reached skill level 9 in Slings
  5673 | D:6      | Reached skill level 5 in Fighting
  6139 | D:7      | Reached XP level 9. HP: 35/61 MP: 9/9
  6261 | D:7      | Reached skill level 10 in Slings
  6514 | D:7      | Found a staircase to the Ecumenical Temple.
  6616 | D:6      | Reached skill level 5 in Stealth
  7202 | Temple   | Entered the Ecumenical Temple
  7367 | Temple   | Became a worshipper of Warmaster Okawaru
  7454 | D:7      | Reached skill level 5 in Dodging
  7670 | D:8      | Noticed Psyche
  7695 | D:8      | Killed Psyche
  7695 | D:8      | Reached skill level 5 in Short Blades
  8208 | D:8      | Reached * piety under Okawaru
  8310 | D:8      | Found Vedyiroxt's Magic Scroll Emporium.
  8548 | D:9      | Noticed a troll
  8577 | D:8      | Reached skill level 11 in Slings
  8694 | D:9      | Noticed a hippogriff
  9138 | D:9      | Killed a troll
  9138 | D:9      | Reached ** piety under Okawaru
  9138 | D:9      | Reached XP level 10. HP: 67/68 MP: 10/10
  9879 | D:9      | Noticed a two-headed ogre
  9937 | D:8      | Reached skill level 12 in Slings
 10359 | D:9      | Noticed a torpor snail
 10359 | D:9      | a two-headed ogre changed into a torpor snail
 10704 | D:9      | Killed a torpor snail
 11037 | D:9      | Noticed a two-headed ogre
 11039 | D:9      | Killed a two-headed ogre
 11039 | D:9      | Reached *** piety under Okawaru
 11141 | D:10     | Entered Level 10 of the Dungeon
 11419 | D:10     | Noticed Nergalle
 11421 | D:10     | Noticed a two-headed ogre
 11505 | D:10     | Found Guwyzud's Book Shop.
 11519 | D:10     | Noticed a catoblepas
 11542 | D:10     | Noticed a death yak
 11542 | D:10     | a catoblepas changed into a death yak
 11600 | D:9      | Killed a death yak
 11600 | D:9      | Reached XP level 11. HP: 52/76 MP: 8/11
 11714 | D:10     | Reached skill level 13 in Slings
 11719 | D:10     | Reached **** piety under Okawaru
 11806 | D:10     | Received a gift from Okawaru
 12291 | D:10     | Killed Nergalle
 12343 | D:9      | Killed a two-headed ogre
 12890 | D:10     | Found a staircase to the Lair.
 13841 | D:10     | Noticed a necromancer
 13862 | D:10     | Killed a necromancer
 14065 | D:9      | Received a gift from Okawaru
 14399 | D:10     | Noticed an orb spider
 14399 | D:10     | a spriggan changed into an orb spider
 14422 | D:10     | an orb spider changed into a spiny frog
 14426 | D:10     | Slain by a polar bear simulacrum

Skill      XL: |  1  2  3  4  5  6  7  8  9 10 11 |
---------------+----------------------------------+-----
Fighting       | 2 3 4 5 6 8 |  8.9
Slings         | 6 7 8 9 11 12 13 | 13.8
Short Blades   | 1 2 3 4 5 7 |  7.7
Stealth        | 2 3 4 6 7 8 |  8.1
Dodging        | 3 4 5 6 7 |  7.4

Action                   |  1- 3 |  4- 6 |  7- 9 | 10-12 || total
-------------------------+-------+-------+-------+-------++-------
Melee: Short sword       |    40 |       |       |       ||    40
       Dagger            |       |    84 |   561 |   541 ||  1186
       Unarmed           |       |       |     5 |       ||     5
 Fire: Hunting sling     |    38 |   114 |   191 |    59 ||   402
Invok: Heroism           |       |       |       |     4 ||     4
Evoke: Wand              |       |       |     1 |     1 ||     2
  Use: Scroll            |       |       |     6 |     9 ||    15
       Potion            |       |       |     2 |     1 ||     3
 Stab: Sleeping          |     2 |       |       |     2 ||     4
       Confused          |       |       |     2 |     3 ||     5
       Paralysed         |       |       |     1 |     6 ||     7
       Distracted        |       |       |       |     1 ||     1
       Fleeing           |       |       |       |     1 ||     1
       Petrifying        |       |       |       |     1 ||     1
       Petrified         |       |       |       |     1 ||     1
  Eat: Chunk             |       |     6 |    14 |     8 ||    28
       Ration            |       |       |     2 |     2 ||     4
Armor: Leather armour    |     9 |     1 |       |       ||    10
       Chain mail        |       |    54 |   297 |       ||   351
       Skin              |       |       |     1 |       ||     1
       Scale mail        |       |       |    24 |   161 ||   185
Dodge: Dodged            |    38 |    43 |   290 |   556 ||   927
